 Dungeon Crawl Stone Soup version 0.26-a0-52-gd53d4cd (webtiles) character file.

Game seed: 17639386640186281407

667 Faca the Skirmisher (level 7, 0/99 HPs)
             Began as a Pale Draconian Fighter on June 5, 2020.
             Succumbed to an orc's poison
             ... on level 4 of the Dungeon.
             The game lasted 00:06:13 (3546 turns).

Faca the Skirmisher (Pale Draconian Fighter)        Turns: 3546, Time: 00:06:14

Health: 0/99       AC: 23    Str: 21    XL:     7   Next: 31%
Magic:  7/7        EV:  2    Int:  8    God:
Gold:   156        SH: 10    Dex: 10    Spells: 6/6 levels left

rFire    . . .     SeeInvis .   a - +1 long sword
rCold    . . .     Gourm    .   b - +1 kite shield
rNeg     + + +     Faith    .   (armour unavailable)
rPois    +         Spirit   .   (helmet currently unavailable)
rElec    .         Reflect  .   (cloak currently unavailable)
rCorr    .         Harm     .   (gloves currently unavailable)
MR       .....     NoTele   +   (boots currently unavailable)
Stlth    +.........             (no amulet)
HPRegen  0.26/turn              f - ring of flight
MPRegen  0.10/turn              (no ring)

@: brilliant, lethally poisoned (0 -> -12), tree-form, stab
A: (breathe steam), unfitting armour, AC +6
a: no special abilities


You were on level 4 of the Dungeon.
You were not hungry.
You were a tree.
You visited 1 branch of the dungeon, and saw 4 of its levels.

You collected 156 gold pieces.

Inventory:

Hand Weapons
 a - a +1 long sword (weapon)
Missiles
 j - a throwing net (quivered)
 p - 2 boomerangs
Armour
 b - a +1 kite shield (worn)
 r - a +0 cloak (melded)
Jewellery
 f - a ring of flight (left branch)
Wands
 e - a wand of paralysis (8)
 h - a wand of flame (16)
Scrolls
 k - 2 scrolls of enchant armour
 m - a scroll of fog
 n - a scroll of remove curse
Potions
 c - a potion of might
 g - 2 potions of mutation
Comestibles
 d - 9 rations


   Skills:
 + Level 7.0 Fighting
 + Level 6.0 Long Blades
 - Level 2.6 Dodging
 - Level 3.0 Shields


You had 6 spell levels left.
You didn't know any spells.
Your spell library was empty.

Dungeon Overview and Level Annotations

Branches:
Dungeon (4/15)
 Temple: D:4-7

Altars:
Makhleb
Ru


Innate Abilities, Weirdness & Mutations

((You can breathe blasts of scalding, opaque steam.))
((Your pale cyan-grey scales are hard. (AC +6)))
You cannot fit into any form of body armour.
((You are cold-blooded and may be slowed by cold attacks.))


Message History

* * * LOW HITPOINT WARNING * * *
You feel sick. The worker ant barely misses you. You block the orc's attack. x2
It was a potion of lignification.
You turn into a tree.
Your +0 cloak melds into your body.
Your roots penetrate the ground.
* * * LOW HITPOINT WARNING * * *
You feel sick.
The worker ant bites you but does no damage.
You block the orc's attack. x2; The worker ant bites you.
* * * LOW HITPOINT WARNING * * *
It was a potion of stabbing.
You feel ready to backstab.
* * * LOW HITPOINT WARNING * * *
You feel sick.
The orc hits you from afar with a +0 trident.
* * * LOW HITPOINT WARNING * * *
You block the orc's attack.
The worker ant bites you but does no damage.
It was a potion of brilliance.
You feel clever all of a sudden.
You die...

#........ .......
#.......# ######
#...!...# # #.......## #
#........# #############
#......))####.....##.....
#.....)ol#..'.....##.....
#####..oa#.##.....##.....
#.##♣#.#......##..... #.
#.#.#............. #.
#................. #
####.#......##.....
..#.#..................
#.#.#.##.##......######
#.#.#.##.........#.....
#.#.#.##########.#.....
#.#.#.#..# #.#.....


You could see a worker ant, 2 orcs and a frilled lizard.

Vanquished Creatures
  3 phantoms (D:4)
  An ogre (D:4)
  Crazy Yiuf (D:2)
  3 iguanas (D:4)
  A worker ant (D:4)
  Robin (D:2)
  8 adders
  An ooze (D:2)
  2 worms (D:3)
  8 dart slugs
  2 leopard geckos
  7 orcs
  6 giant cockroaches
  14 goblins
  6 hobgoblins
  8 kobolds
  3 quokkas
  2 ball pythons
  7 bats
  3 frilled lizards
  7 rats
94 creatures vanquished.

Notes
Turn   | Place    | Note
-------+----------+-------------------------------------------
     0 | D:1      | Faca the Draconian Fighter began the quest for the Orb.
     0 | D:1      | Reached XP level 1. HP: 19/19 MP: 1/1
   212 | D:1      | Reached XP level 2. HP: 24/27 MP: 2/2
   588 | D:2      | Reached skill level 4 in Fighting
   591 | D:2      | Reached XP level 3. HP: 29/33 MP: 3/3
   669 | D:2      | Noticed Robin
   680 | D:2      | Killed Robin
   966 | D:2      | Reached XP level 4. HP: 32/41 MP: 4/4
  1172 | D:2      | You fall into a shaft and drop 1 floor!
  1588 | D:2      | Reached skill level 5 in Fighting
  1696 | D:2      | Reached XP level 5. HP: 48/48 MP: 5/5
  1903 | D:2      | Found a runed translucent door.
  1904 | D:2      | Noticed Crazy Yiuf
  1992 | D:2      | Found a sacrificial altar of Ru.
  2043 | D:2      | Killed Crazy Yiuf
  2366 | D:3      | Found a burning altar of Makhleb.
  2860 | D:4      | Noticed a phantom
  2860 | D:4      | Noticed a phantom
  2874 | D:4      | Killed a phantom
  2874 | D:4      | Reached XP level 6. HP: 56/57 MP: 6/6
  2885 | D:4      | Reached skill level 6 in Fighting
  2885 | D:4      | Reached skill level 5 in Long Blades
  3224 | D:4      | Your scales start taking on a pale cyan-grey colour.
  3224 | D:4      | Reached XP level 7. HP: 57/64 MP: 7/7
  3386 | D:4      | Reached skill level 7 in Fighting
  3545 | D:4      | HP: 1/99 [orc/+0 trident (5)]
  3546 | D:4      | Succumbed to an orc's poison

Illustrated notes

Levels and vault maps discovered:
D:1:      mushboom_english_gardens, layout_rooms
D:2:      layout_loops_ring, dk_noncrumbling_3, minmay_misc_feat_x,
          nicolae_ru_path_of_blood, uniq_crazy_yiuf_cottage, uniq_robin
D:3:      layout_basic, lemuel_crystal_altar
D:4:      layout_basic, first_ration, minmay_cut_off

Skill      XL: |  1  2  3  4  5  6  7 |
---------------+----------------------+-----
Fighting       | 4 5 6 7 |  7.0
Long Blades    | 3 4 5 6 |  6.0
Dodging        | |  2.6
Shields        | |  3.0

Action                   |  1- 3 |  4- 6 |  7- 9 || total
-------------------------+-------+-------+-------++-------
Melee: Long sword        |    96 |   177 |    47 ||   320
       Tailslap          |     8 |    20 |     5 ||    33
  Use: Scroll            |     3 |     9 |       ||    12
       Potion            |       |       |     4 ||     4
 Stab: Sleeping          |     1 |       |       ||     1
  Eat: Chunk             |       |     8 |     1 ||     9
Armor: Skin              |    16 |    43 |    18 ||    77
Dodge: Dodged            |    37 |    77 |    26 ||   140
Block: Kite shield       |    45 |    94 |    36 ||   175
       Rpst.: Long sword |    11 |    25 |    10 ||    46

Table legend:
 A = Non-vault XP
 B = Vault XP
 C = Vault XP percentage of total XP
 D = Non-vault monster count
 E = Vault monster count
 F = Vault count percentage of total count
                 A         B        C        D         E       F
            +---------+---------+-------+---------+---------+-------
      Total |     724 |     229 |  24.0 |      80 |      14 |  14.9
            +---------+---------+-------+---------+---------+-------
        D:1 |      33 |       0 |   0.0 |      18 |       0 |   0.0
        D:2 |     107 |      71 |  39.9 |      17 |      12 |  41.4
        D:3 |      61 |       0 |   0.0 |      28 |       0 |   0.0
        D:4 |     523 |     158 |  23.2 |      17 |       2 |  10.5
            +---------+---------+-------+---------+---------+-------
